Map: Void Thrashing

Players

Meursault

  • Race: Terran Terran
  • Spawn Location: 9:00

ZPR

  • Race: Zerg Zerg
  • League: Master
  • Spawn Location: 6:00

VOD

Have the link to the VOD?

Description

Time

  • Played on: Sept. 22, 2017, 11:11 a.m.
  • Length: 16:34
Show
View Real Time Build Order
Export as new Build Order

Meursault Terran 

Build Orders:  

Get SALT Encoding   

Show
View Real Time Build Order
Export as new Build Order

ZPR Zerg 

Build Orders:  

Get SALT Encoding   

  6  0:10  Drone x2  
  6  0:19  Drone x2  
  8  0:28  Drone x2  
  9  0:39  Extractor  
  8  0:42  Drone x2  
  8  0:49  Drone x2  
  10  1:11  Spawning Pool  
  10  1:19  Drone x2  
  11  1:32  Extractor  
  11  1:37  Overlord  
  10  1:42  Baneling Nest  
  10  1:48  Swarmling x3  
  11  1:51  Swarmling x3  
  11  1:59  Drone x2  
  14  2:05  Drone x2  
  15  2:14  Drone x2  
  16  2:23  Drone x2  
  19  2:56  Hatchery  
  18  3:02  Overlord  
  18  3:09  Drone x2  
  21  3:27  Drone x4  
  21  3:28  Drone x2  
  24  3:36  Drone x2  
  25  3:40  Drone x2  
  25  3:46  Drone x2  
  29  3:59  Drone x4  
  31  4:01  Centrifical Hooks  
  30  4:17  Drone x4  
  30  4:18  Extractor  
  30  4:19  Extractor  
  33  4:22  Overlord  
  33  4:39  Lair  
  33  4:41  Evolution Chamber  
  33  4:42  Evolution Chamber  
  33  4:43  Drone x2  
  35  4:56  Metabolic Boost  
  35  5:12  Drone x2  
  38  5:29  Heroic Fortitude  
  34  5:30  Zerg Melee Weapons Level 1  
  40  5:53  Aberration  
  40  5:56  Overlord x4  
  40  5:59  Corrosive Acid  
  43  6:00  Hardened Carapace  
  45  6:36  Aberration  
  45  6:37  Aberration x4  
  60  6:47  Hive  
  62  7:03  Aberration  
  65  7:15  Swarmling x3  
  65  7:16  Zerg Ground Armor Level 1  
  70  7:40  Swarmling x15  
  75  8:07  Overlord  
  75  8:08  Hatchery x2  
  75  8:09  Adrenal Overload, Rupture  
  71  8:33  Aberration x3  
  73  8:41  Scourge Nest  
  73  8:47  Swarmling x12  
  78  8:55  Drone x2  
  78  8:58  Zerg Melee Weapons Level 2  
  68  9:14  Swarmling x3  
  68  9:15  Swarmling x18  
  70  9:39  Roach x10  
  67  9:40  Roach x10  
  67  9:43  Simplified Genome  
  67  9:48  Swarmling x6  
  67  9:49  Swarmling x15  
  80  9:51  Aberration  
  71  10:23  Swarmling x6  
  71  10:24  Swarmling x39  
  72  10:40  Zerg Ground Armor Level 2  
  72  10:43  Virulent Spores  
  69  10:56  Swarmling x3  
  69  10:57  Swarmling x30  
  83  11:09  Drone x2  
  62  11:45  Aberration x4, Swarmling x3  
  72  11:50  Scourge x10  
  76  11:51  Scourge x12  
  87  12:06  Hatchery  
  88  12:26  Scourge x14  
  88  12:28  Overlord  
  95  12:42  Roach x16  
  95  12:43  Roach x4  
  96  12:56  Swarmling x3  
  99  13:18  Scourge x4  
  99  13:19  Scourge x26  
  63  13:35  Scourge x2  
  63  13:36  Scourge x10  
  63  13:37  Scourge x14  
  60  13:40  Swarmling x3  
  60  13:47  Swarmling x18  
  60  13:48  Swarmling x3  
  44  14:15  Swarmling x3  
  44  14:16  Swarmling x42  
  60  14:25  Swarmling x3  
  60  14:26  Swarmling x9  
  60  14:41  Swarmling x3  
  60  14:42  Swarmling x15  
  60  14:45  Swarmling x12  
  71  14:56  Swarmling x6  
  71  14:57  Swarmling x9  
  76  15:07  Swarmling x3  
  76  15:08  Swarmling x12  
  77  15:27  Swarmling x3  
  77  15:28  Swarmling x27  
  89  15:49  Swarmling x3  
  94  15:50  Swarmling x12  
  93  16:13  Swarmling x9  
Tags
 
Commander
RaynorZagara
League
Master
Matchup
Co-op
Replay Pack
Co-op Speedrun
Add a new tag
Caveats
  • Supply blocks, unpowered buildings, or Contaminate may cause inaccurate times.
  • Supply counts are checked every 10 seconds.